 Dungeon Crawl Stone Soup version 0.31-a0-845-g9abc20d24f (webtiles) character file.

Game seed: 10176884939123383761

18389 Demosthentine the Blocker (level 12, -7/86 HPs)
             Began as a Demonspawn Gladiator on Oct 2, 2023.
             Was a Priest of Hepliaklqana.
             Mangled by a minotaur (14 damage)
             ... on level 11 of the Dungeon.
             The game lasted 00:24:36 (11046 turns).

Demosthentine the Blocker (Demonspawn Gladiator)   Turns: 11046, Time: 00:24:36

Health: -7/86      AC: 13    Str: 17    XL:     12   Next: 27%
Magic:  28/28      EV: 22    Int:  9    God:    Hepliaklqana [***...]
Gold:   1895       SH: 11    Dex: 18    Spells: 11/11 levels left

rFire   + + +        a - +1 trident (flame)
rCold   . . .        f - +0 buckler
rNeg    + + .        v - +0 troll leather armour
rPois   .            c - +1 helmet
rElec   .            s - +2 cloak
rCorr   .            (gloves unavailable)
SInv    .            (no boots)
Will    .....        (no amulet)
Stlth   ++           k - +5 ring of evasion
HPRegen 1.14/turn    E - ring of the Squeaky God {Contam rF+++ rN++ MP+9}
MPRegen 0.21/turn

%: no passive effects
@: on berserk cooldown, studying Shields
A: reduced essence, icemail 1, sturdy frame 3, condensation shield, demonic
magic 1, demonic touch 3
a: Renounce Religion, Recall Ancestor, Ancestor Identity, Transference


You were on level 11 of the Dungeon.
You worshipped Hepliaklqana.
Hepliaklqana was most pleased with you.
You visited 2 branches of the dungeon, and saw 12 of its levels.
You also visited: Sewer and Bailey.

You collected 1895 gold pieces.

Inventory:

Hand Weapons
 a - a +1 trident of flaming (weapon)
Missiles
 e - 33 javelins
Armour
 c - a +1 helmet (worn)
 f - a +0 buckler (worn)
 s - a +2 cloak (worn)
 v - a +0 troll leather armour (worn)
Jewellery
 h - a ring of resist corrosion
 k - a +5 ring of evasion (left hand)
 E - the ring of the Squeaky God (right hand) {Contam rF+++ rN++ MP+9}
   (You acquired it on level 8 of the Dungeon)

   [ring of magical power]

   rF+++:     It renders you almost immune to fire.
   rN++:      It greatly protects you from negative energy.
   MP+9:      It affects your magic capacity (+9).
   Contam:    It causes magical contamination when unequipped.
 G - a +6 ring of strength
 I - a ring of ice
Wands
 t - a wand of light (18)
 x - a wand of mindburst (14)
 z - a wand of paralysis (7)
 C - a wand of iceblast (9)
Scrolls
 b - 2 scrolls of fog
 w - a scroll of amnesia
 y - 3 scrolls of teleportation
 B - a scroll of enchant weapon
 F - a scroll of butterflies
 H - a scroll of enchant armour
Potions
 g - 9 potions of curing
 i - 2 potions of brilliance {unknown}
 j - a potion of berserk rage
 l - 4 potions of enlightenment
 m - a potion of cancellation
 n - 6 potions of mutation
 o - a potion of haste
 p - 4 potions of resistance
 q - 6 potions of heal wounds {unknown}
 r - 3 potions of might {unknown}
 u - 2 potions of degeneration {unknown}
 A - a potion of ambrosia
 D - a potion of attraction


   Skills:
 + Level 9.6 Fighting
 + Level 9.1 Polearms
 - Level 1.7 Throwing
 - Level 4.7 Armour
 + Level 9.1 Dodging
 + Level 9.9 Shields
 + Level 9.7 Invocations


You had 11 spell levels left.
You didn't know any spells.
Your spell library contained the following spells:

 Spells                   Type           Power      Damage    Failure   Level
 Freeze                   Ice            0%         1d3       43%         1
 Kiss of Death            Conj/Necr      0%         2d5       43%         1
 Necrotise                Necr           0%         1d4       43%         1
 Slow                     Hex            0%         N/A       43%         1
 Confusing Touch          Hex            0%         N/A       82%         3
 Frozen Ramparts          Ice            0%         1d1       82%         3
 Hailstorm                Conj/Ice       0%         3d3       82%         3
 Sigil of Binding         Hex            0%         N/A       82%         3
 Vampiric Draining        Necr           0%         2d6       82%         3
 Volatile Blastmotes      Fire/Tloc      0%         2d10      82%         3
 Dispel Undead            Necr           0%         3d6       99%         4
 Fulminant Prism          Conj/Hex       0%         3d5       99%         4
 Iskenderun's Mystic Bla  Conj/Tloc      0%         2d3       99%         4
 Agony                    Necr           0%         N/A       100%        5


Dungeon Overview and Level Annotations

Branches:
Dungeon (11/15)            Temple (1/1) D:4            Lair (0/5) D:9
    Orc (0/2) D:10          Sewer (visited)          Bailey (visited)

Altars:
Ashenzari
Cheibriados
Dithmenos
Fedhas
Gozag
Hepliaklqana
Kikubaaqudgha
Makhleb
Nemelex Xobeh
Okawaru
Qazlal
Ru
Sif Muna
Trog
Uskayaw
Vehumet
Wu Jian
Xom
Yredelemnul

Shops:
D:8 [   D:10 :


Innate Abilities, Weirdness & Mutations

Your life essence is reduced to manifest your ancestor. (-10% HP)
A meltable icy envelope protects you from harm. (AC +4)
Your movements are significantly less encumbered by armour. (ER -6)
A meltable shield of frost defends you. (SH +4)
Spells you cast may paralyse adjacent enemies.
Your touch may irresistibly damage your foes and sap their willpower.


Message History

Aim: a minotaur, wearing a +0 chain mail and quivering javelins (severely wounded, 73% to hit)
You throw a throwing net. The throwing net hits the minotaur.
The minotaur is caught in the net!
The minotaur is severely wounded.
The troll struggles against the net.
The minotaur struggles against the net.
You hit the minotaur. You burn the minotaur.
The minotaur is severely wounded.
You hit the minotaur but do no damage.
The minotaur is severely wounded.
The minotaur struggles against the net.
The troll struggles against the net.
You hit the minotaur but do no damage.
The minotaur is severely wounded.
The minotaur struggles against the net.
The troll struggles against the net.
The net rips apart, and the troll comes free!
You hit the minotaur but do no damage.
The minotaur is severely wounded.
The minotaur struggles against the net.
You strike the helpless minotaur from behind!
You hit the minotaur but do no damage.
The minotaur is severely wounded.
The minotaur struggles against the net.
You puncture the minotaur! You burn the minotaur.
The minotaur is almost dead.
The minotaur struggles against the net.
You hit the minotaur. You burn the minotaur.
The minotaur is almost dead.
The minotaur struggles against the net.
The net rips apart, and the minotaur comes free!
You hit the minotaur but do no damage.
The minotaur is almost dead.
You completely miss the minotaur.
The minotaur furiously retaliates!
The minotaur headbutts you.
* * * LOW HITPOINT WARNING * * *
The minotaur is almost dead.
The minotaur hits you but does no damage.
You block the minotaur's attack.
You hit the minotaur but do no damage.
The minotaur is almost dead.
The minotaur hits you!
You die...

...+....÷_∩..#.## ##.........###.
...+....÷÷÷.)#..###...##.##....##
..8#........##........##........#
...##......##.>.#...####.........
....#......##..##....##..........
)#####.)..###.####...##.........#
.).))###'##.#.## ###....>......##
........)...#..####..#..#.......#
............#...@HT..............
##############.###..............#
.#####.....###...#...#########...
..##..............R..#y.#..#{#...
...#............##.T.#.##.#T{#...
................###..H...#.$##...
.................##..'...#."H#.#.
.....................'.#...)##.#.
...............#.....#.####.W#...


You could see a minotaur, a troll and a vampire mosquito.

Vanquished Creatures
  The ghost of bchevrier the Fighter, a journeyman GnWn of Nemelex Xobeh (D:11)
  A hydra (D:8)
  3 two-headed ogres
  A cyclops (D:11)
  2 unseen horrors
  A kobold demonologist (D:11)
  Maggie (D:9)
  2 gargoyles
  3 komodo dragons
  3 trolls
  The ghost of Splishie the Insei, an amateur GnSh of Ashenzari (D:4)
  Grinder (D:3)
  7 yaks
  3 shadows
  3 wyverns
  A basilisk (D:9)
  A steam dragon (D:8)
  A vampire mosquito (D:8)
  An acid dragon (D:11)
  2 water moccasins
  Pargi (Sewer)
  2 sky beasts
  12 orc warriors
  An ogre (D:6)
  14 centaurs
  A phantom (D:4)
  4 kobold brigands (D:11)
  5 bullfrogs
  3 gnoll sergeants
  5 scorpions
  6 killer bees (D:10)
  4 howler monkeys
  2 jellies
  7 hounds
  2 gnoll boudas
  8 orc priests
  3 iguanas
  A sleepcap (D:7)
  Natasha (twice) (D:3)
  4 orc wizards
  Robin (D:4)
  25 gnolls
  3 river rats (D:4)
  7 adders
  2 shadow imps
  3 white imps
  3 worms
  4 dart slugs (D:2)
  71 orcs
  10 ball pythons
  7 endoplasms
  7 giant cockroaches
  19 goblins
  15 hobgoblins
  6 jackals (D:3)
  3 quokkas
  8 bats
  12 frilled lizards
  22 kobolds
  5 kobold skeletons (D:11)
  5 kobold zombies (D:11)
  6 rats
370 creatures vanquished.

Vanquished Creatures (collateral kills)
  A boulder beetle (D:8)
  A manticore (D:11)
  A kobold demonologist (D:11)
  An efreet (D:8)
  A troll (D:7)
  A wyvern (D:10)
  A vampire (D:9)
  3 yaks (D:11)
  An acid dragon (D:9)
  4 orc warriors
  4 centaurs
  A kobold brigand (D:11)
  2 gnoll sergeants
  A wight (D:8)
  A sleepcap (D:8)
  7 orc wizards
  3 gnolls
  An adder (D:6)
  2 shadow imps (D:11)
  13 orcs
  9 kobolds (D:11)
  7 kobold skeletons (D:11)
  A kobold zombie (D:11)
67 creatures vanquished.

Vanquished Creatures (others)
  An unseen horror (D:11)
  A vampire mosquito (D:8)
  7 hexers
  A shadow imp (D:8)
  An orc (D:8)
11 creatures vanquished.

Grand Total: 448 creatures vanquished

Notes
Turn   | Place    | Note
-------+----------+-------------------------------------------
     0 | D:1      | Demosthentine the Demonspawn Gladiator began the quest for
                  | the Orb.
     0 | D:1      | Reached XP level 1. HP: 16/16 MP: 1/1
   135 | D:1      | Gained mutation: A meltable shield of frost defends you.
                  | (SH +4) [demonic ancestry]
   135 | D:1      | Reached XP level 2. HP: 22/22 MP: 2/2
   412 | D:1      | Reached skill level 1 in Armour
   541 | D:1      | Gained mutation: Your touch may inflict minor irresistible
                  | damage on your foes. [demonic ancestry]
   541 | D:1      | Reached XP level 3. HP: 28/28 MP: 3/3
   765 | D:2      | Found a sacrificial altar of Ru.
   973 | D:2      | Gained mutation: Spells you cast may paralyse adjacent
                  | enemies. [demonic ancestry]
   973 | D:2      | Reached XP level 4. HP: 10/34 MP: 4/4
  1769 | D:3      | Noticed Grinder
  1783 | D:3      | Killed Grinder
  1784 | D:3      | Gained mutation: Your movements are slightly less
                  | encumbered by armour. (ER -2) [demonic ancestry]
  1784 | D:3      | Reached XP level 5. HP: 27/41 MP: 5/5
  1784 | D:3      | Gained mutation: A meltable icy envelope protects you from
                  | harm. (AC +4) [demonic ancestry]
  1784 | D:3      | Reached XP level 6. HP: 31/47 MP: 6/6
  1938 | D:3      | Noticed Natasha
  1942 | D:3      | Killed Natasha
  2129 | D:3      | Noticed Natasha
  2134 | D:3      | Killed Natasha
  2509 | D:4      | Gained mutation: Your touch may inflict irresistible damage
                  | on your foes. [demonic ancestry]
  2509 | D:4      | Reached XP level 7. HP: 40/54 MP: 7/7
  2565 | D:4      | Reached skill level 1 in Shields
  2624 | D:4      | Found a runed translucent door.
  2626 | D:4      | Noticed Splishie's ghost (amateur GnSh)
  2648 | D:4      | Killed Splishie's ghost
  2759 | D:4      | Found a glowing drain.
  2800 | Sewer    | Entered a sewer
  2841 | Sewer    | Noticed Pargi
  2850 | Sewer    | Killed Pargi
  2851 | Sewer    | Gained mutation: Your movements are less encumbered by
                  | armour. (ER -4) [demonic ancestry]
  2851 | Sewer    | Reached XP level 8. HP: 56/61 MP: 8/8
  3103 | D:4      | Noticed Robin
  3121 | D:4      | Killed Robin
  3145 | D:4      | Found a staircase to the Ecumenical Temple.
  3512 | Temple   | Entered the Ecumenical Temple
  3531 | Temple   | Became a worshipper of Hepliaklqana the Forgotten
  3670 | D:5      | Entered Level 5 of the Dungeon
  3672 | D:5      | Reached skill level 5 in Polearms
  3682 | D:5      | Reached skill level 5 in Dodging
  3792 | D:5      | Reached skill level 5 in Fighting
  4774 | D:6      | Reached * piety under Hepliaklqana
  5220 | D:6      | Gained mutation: Your movements are significantly less
                  | encumbered by armour. (ER -6) [demonic ancestry]
  5220 | D:6      | Reached XP level 9. HP: 62/62 MP: 9/9
  5343 | D:7      | Reached skill level 1 in Invocations
  5645 | D:7      | Found a sacrificial altar of Ru.
  5648 | D:7      | Found a basalt altar of Yredelemnul.
  5655 | D:7      | Found a sparkling altar of Nemelex Xobeh.
  5657 | D:7      | Found a shadowy altar of Dithmenos.
  5875 | D:7      | Found a shimmering blue altar of Sif Muna.
  5875 | D:7      | Identified the +4 war axe of Karma {chaos, *Corrode Fly
                  | rPois Stlth+}
  5918 | D:8      | Found an iron altar of Okawaru.
  5991 | D:8      | Found a flagged portal.
  6008 | Bailey   | Entered a bailey
  6248 | Bailey   | Reached ** piety under Hepliaklqana
  6250 | Bailey   | Remembered your ancestor Rana as a hexer
  6718 | Bailey   | Reached skill level 5 in Shields
  6723 | Bailey   | Reached XP level 10. HP: 57/69 MP: 13/13
  6917 | Bailey   | Reached skill level 5 in Invocations
  7164 | D:8      | Acquired 810 gold pieces
  7227 | D:8      | Found Cunushre's Specialty Armours.
  7317 | D:8      | Noticed a seven-headed hydra
  7320 | D:8      | Noticed a boulder beetle
  7425 | D:8      | Killed a seven-headed hydra
  7518 | D:8      | Noticed a two-headed ogre
  7530 | D:8      | Killed a two-headed ogre
  7533 | D:8      | Noticed a gargoyle
  7540 | D:8      | Killed a gargoyle
  7660 | D:8      | Killed a boulder beetle
  7897 | D:8      | Noticed a two-headed ogre
  7902 | D:8      | Killed a two-headed ogre
  7903 | D:8      | Reached XP level 11. HP: 51/77 MP: 16/16
  8670 | D:8      | Acquired the ring of the Squeaky God {Contam rF+++ rN++
                  | MP+9}
  8904 | D:9      | Noticed Maggie
  8918 | D:9      | Killed Maggie
  9176 | D:9      | Identified the +1 leather armour of the Vestibule of Hell
                  | {Int+3}
  9201 | D:9      | Found a staircase to the Lair.
  9643 | D:10     | Entered Level 10 of the Dungeon
  9743 | D:10     | Found a staircase to the Orcish Mines.
  9833 | D:10     | Found a burning altar of Makhleb.
  9847 | D:10     | Found an ancient bone altar of Kikubaaqudgha.
  9894 | D:10     | Reached *** piety under Hepliaklqana
  9895 | D:10     | Found Zureheta's Self-Improvement Boutique.
 10267 | D:11     | Noticed a two-headed ogre
 10277 | D:11     | Killed a two-headed ogre
 10356 | D:11     | Noticed bchevrier's ghost (journeyman GnWn)
 10356 | D:11     | Noticed a minotaur
 10375 | D:11     | Gained mutation: Your touch may irresistibly damage your
                  | foes and sap their willpower. [demonic ancestry]
 10375 | D:11     | Reached XP level 12. HP: 85/85 MP: 18/18
 10539 | D:11     | Found a runed translucent gate.
 10539 | D:11     | Found a runed translucent gate.
 10539 | D:11     | Found a runed translucent gate.
 10611 | D:11     | Identified the +3 long sword "Vestexec" {drain, *Corrode
                  | rPois rC+++ MP+9}
 10861 | D:11     | Found an ancient bone altar of Kikubaaqudgha.
 11010 | D:11     | Killed bchevrier's ghost
 11035 | D:11     | HP: 2/86 [minotaur (10)]
 11046 | D:11     | Mangled by a minotaur

Illustrated notes

Levels and vault maps discovered:
D:1:      minmay_arrival_stone_box, layout_basic
D:2:      layout_loops_ring, basic_altar
D:3:      wander_river, layout_basic, reono_crystal_passage,
          dreamdust_wishing_well, item_on_display_b, uniq_natasha, uniq_grinder
D:4:      layout_basic, minmay_temple_entry_junction, portal_sewer_entry_b,
          ebering_ghost_sewer_d, uniq_robin
D:5:      layout_loops_cross, minivault_26, hangedman_decor_lopped,
          chequers_serial_rivers_small_b
D:6:      layout_loops_ring
D:7:      layout_rooms, lemuel_coloured_pillars_altar,
          nicolae_overflow_macrodata_refinement, minmay_statues_item
D:8:      minmay_the_grid_square_5x5_3x3 [minmay_the_grid_square_5x5_minivault,
          minmay_the_grid_square_5x5_inner_v, minmay_the_grid_square_5x5_spiral,
          minmay_the_grid_square_5x5_inner_i,
          minmay_the_grid_square_5x5_megaprize_checkered,
          minmay_the_grid_square_5x5_mess,
          minmay_the_grid_square_5x5_pentomino_r,
          minmay_the_grid_square_5x5_misaligned,
          minmay_the_grid_square_5x5_tri_point], layout_cave_pools,
          kennysheep_mini, enter_bailey_4, nicolae_barding_shop
D:9:      layout_roguey, mainiacjoe_overflow_boulevard, erik_lair_dragon,
          uniq_maggie
D:10:     layout_rooms, mainiacjoe_overflow_large_starburst, hiddenorc2_lemuel,
          minmay_misc_feat_doors, nicolae_shop_self_help
D:11:     wander_kiku_kobolds, layout_cave_pools,
          maelrawn_ghost_gauntlet_escape, minmay_misc_feat_hallway
Temple:   hellmonk_temple_forest_ring

Skill      XL: |  1  2  3  4  5  6  7  8  9 10 11 12 |
---------------+-------------------------------------+-----
Polearms       | 3 4 5 6 7 8 9 |  9.1
Dodging        | 3 4 5 6 7 8 9 |  9.1
Armour         | 1 2 3 4 |  4.7
Fighting       | 3 4 5 6 8 9 |  9.6
Shields        | 2 3 5 7 9 |  9.9
Invocations    | 4 7 9 |  9.7
Throwing       | |  1.7

Action                     |  1- 3 |  4- 6 |  7- 9 | 10-12 || total
---------------------------+-------+-------+-------+-------++-------
  Melee: Trident           |   114 |   163 |   520 |   596 ||  1393
         Punch             |     1 |     3 |     9 |     3 ||    16
         Touch             |     5 |    17 |    50 |    80 ||   152
  Throw: Throwing net      |       |       |     1 |    10 ||    11
 Invoke: Recall Ancestor   |       |       |     1 |       ||     1
         Ancestor Life: He |       |       |     1 |       ||     1
    Use: Scroll            |     3 |     6 |    16 |     4 ||    29
         Potion            |       |       |     3 |     4 ||     7
   Stab: Sleeping          |     3 |     2 |     5 |       ||    10
         Distracted        |     1 |       |     3 |     7 ||    11
         Confused          |       |       |     2 |    15 ||    17
         Held in net/web   |       |       |       |     4 ||     4
 Armour: Leather armour    |    44 |    47 |   154 |    52 ||   297
         Troll leather arm |       |       |       |   127 ||   127
  Dodge: Dodged            |    59 |    91 |   401 |   344 ||   895
  Block: Other             |    11 |    19 |    83 |    38 ||   151
         Buckler           |       |       |       |    45 ||    45

Table legend: (Time is in decaauts)
 A = Elapsed time spent in this place.
 B = Non-inter-level travel time spent in this place.
 C = Inter-level travel time spent in this place.
 D = Time resting spent in this place.
 E = Time spent auto-exploring this place.
 F = Levels seen in this place.
 G = Mean time per level.
                   A        B        C        D        E       F      G
               +--------+--------+--------+--------+--------+-----+--------+
         Total |  11115 |  10827 |    288 |    603 |   7215 |  14 |  793.9 |
       Dungeon |   9605 |   9318 |    287 |    503 |   6365 |  11 |  873.2 |
        Temple |    134 |    134 |      0 |    100 |      0 |   1 |  134.0 |
         Sewer |    241 |    241 |      0 |      0 |    129 |   1 |  241.0 |
        Bailey |   1134 |   1134 |      0 |      0 |    720 |   1 | 1134.0 |
               +--------+--------+--------+--------+--------+-----+--------+

Top non-repeatable levels by time:
     D:8: 1267 daAuts
  Bailey: 1134 daAuts
     D:7: 1004 daAuts
     D:4: 987 daAuts
     D:5: 976 daAuts
     D:2: 939 daAuts
     D:9: 905 daAuts
     D:1: 833 daAuts
    D:11: 795 daAuts
     D:6: 675 daAuts
     D:3: 658 daAuts
    D:10: 562 daAuts
   Sewer: 241 daAuts
  Temple: 134 daAuts
